MLB
SAN DIEGO PADRES @ CHICAGO CUBS
08/02/2018
 
TOP OF THE 1ST
San Diego Padres batting - Pitching for Chicago Cubs : RHP Brent Honeywell
Pitching: RHP Brent Honeywell
Batting: RHB Jose Altuve 0-0: Called Strike
0-1: Ball
1-1: Foul Ball, location: 2F
1-2: Fly out, F7 (Flyball, 78D)
Batting: SHB Carlos Santana 0-0: Ball
1-0: Foul Ball, location: 2F
1-1: Swinging Strike
1-2: Fly out, F9 (Flyball, 9D)
Batting: RHB Mitch Haniger 0-0: Ball
1-0: Ball
2-0: Ball
3-0: Base on Balls
Batting: LHB Mike Moustakas 0-0: Ball
1-0: Swinging Strike
1-1: Swinging Strike
1-2: Foul Ball, location: 2F
1-2: Fielders Choice at 2nd, 6-5 (Groundball, 4)
Top of the 1st over - 0 runs, 0 hits, 0 errors, 1 left on base; San Diego 0 - Chicago 0
BOTTOM OF THE 1ST
Chicago Cubs batting - Pitching for San Diego Padres : RHP Gerrit Cole
Pitching: RHP Gerrit Cole
Batting: RHB Michael A. Taylor 0-0: Ball
1-0: Called Strike
1-1: Fly out, F8 (Flyball, 8RM)
Batting: RHB Paul DeJong 0-0: Ball
1-0: Called Strike
1-1: Fly out, F4 (Popup, 34)
Batting: LHB Cody Bellinger 0-0: Ball
1-0: Ball
2-0: Called Strike
2-1: Foul Ball, location: 2F
2-2: Ball
3-2: Foul Ball, location: 2F
3-2: Foul Ball, location: 2F
3-2: Foul Ball, location: 2F
3-2: Foul Ball, location: 2F
3-2: Fly out, F8 (Line Drive, 8RM)
Bottom of the 1st over - 0 runs, 0 hits, 0 errors, 0 left on base; San Diego 0 - Chicago 0
TOP OF THE 2ND
San Diego Padres batting - Pitching for Chicago Cubs : RHP Brent Honeywell
Batting: LHB David Peralta 0-0: Swinging Strike
0-1: Ground out U3 (Groundball, 3S)
Batting: RHB Lorenzo Cain 0-0: Ball
1-0: Ground out 5-3 (Groundball, 56)
Batting: RHB Yadier Molina 0-0: Ball
1-0: Ball
2-0: Fly out, F7 (Flyball, 78XD)
Top of the 2nd over - 0 runs, 0 hits, 0 errors, 0 left on base; San Diego 0 - Chicago 0
BOTTOM OF THE 2ND
Chicago Cubs batting - Pitching for San Diego Padres : RHP Gerrit Cole
Batting: RHB Justin Upton 0-0: Ball
1-0: Ball
2-0: Called Strike
2-1: Ball
3-1: Called Strike
3-2: DOUBLE (Flyball, 8LXD)
Batting: RHB Willson Contreras 0-0: Ball
1-0: Called Strike
1-1: Fly out, F4 (Popup, 34S)
Batting: LHB Carlos Asuaje 0-0: Ball
1-0: Ball
2-0: Ball
3-0: Called Strike
3-1: Swinging Strike
3-2: Base on Balls
Batting: RHB Stephen Piscotty 0-0: Foul Ball, location: 2F
0-1: Ball
1-1: Foul Ball, location: 2F
1-2: Ball
2-2: Ball
3-2: Strikes out swinging
Batting: SHB Ehire Adrianza 0-0: SINGLE (Line Drive, 7S)
Justin Upton to third
Carlos Asuaje to second
Runner from 3rd tries for Home, SAFE, throw by LF to home
Batting: RHB Brent Honeywell 0-0: Called Strike
0-1: Swinging Strike
0-2: Strikes out swinging
Bottom of the 2nd over - 1 run, 2 hits, 0 errors, 2 left on base; San Diego 0 - Chicago 1
TOP OF THE 3RD
San Diego Padres batting - Pitching for Chicago Cubs : RHP Brent Honeywell
Batting: RHB Christian Arroyo 0-0: Called Strike
0-1: Called Strike
0-2: Ball
1-2: Ball
2-2: Foul Ball, location: 2F
2-2: Foul Ball, location: 2F
2-2: Strikes out looking
Batting: RHB Gerrit Cole 0-0: Fly out, F6 (Flyball, 6D)
Batting: RHB Jose Altuve 0-0: Called Strike
0-1: Ball
1-1: Ball
2-1: Ball
3-1: Foul Ball, location: 2F
3-2: Base on Balls
Batting: SHB Carlos Santana Pickoff Throw to First - Error! E1
Jose Altuve to second
0-0: Called Strike
0-1: Called Strike
0-2: Ball
1-2: Foul Ball, location: 2F
1-2: SINGLE (Flyball, 9LS)
Jose Altuve to third
Runner from 3rd tries for Home, SAFE, throw by RF to home
Batting: RHB Mitch Haniger 0-0: Ball
1-0: Foul Ball, location: 2F
1-1: Swinging Strike
1-2: Foul Ball, location: 2F
1-2: Ball
2-2: Strikes out looking
Top of the 3rd over - 1 run, 1 hit, 1 error, 1 left on base; San Diego 1 - Chicago 1
BOTTOM OF THE 3RD
Chicago Cubs batting - Pitching for San Diego Padres : RHP Gerrit Cole
Batting: RHB Michael A. Taylor 0-0: Ground out U3 (Groundball, 3)
Batting: RHB Paul DeJong 0-0: Fly out, F9 (Flyball, 9LM)
Batting: LHB Cody Bellinger 0-0: Ball
1-0: Foul Ball, location: 2F
1-1: Ball
2-1: Ground out 4-3 (Groundball, 4)
Bottom of the 3rd over - 0 runs, 0 hits, 0 errors, 0 left on base; San Diego 1 - Chicago 1
TOP OF THE 4TH
San Diego Padres batting - Pitching for Chicago Cubs : RHP Brent Honeywell
Batting: LHB Mike Moustakas 0-0: Called Strike
0-1: Foul Ball, location: 2F
0-2: Foul Ball, location: 2F
0-2: Strikes out swinging, 2-3 out at first.
Batting: LHB David Peralta 0-0: Fly out, F8 (Flyball, 89XD)
Batting: RHB Lorenzo Cain 0-0: SINGLE (Groundball, 5D)
Batting: RHB Yadier Molina 0-0: Ball
1-0: Called Strike
1-1: Ball
2-1: Foul Ball, location: 2F
2-2: Foul Ball, location: 2F
2-2: Fly out, F9 (Flyball, 9S)
Top of the 4th over - 0 runs, 1 hit, 0 errors, 1 left on base; San Diego 1 - Chicago 1
BOTTOM OF THE 4TH
Chicago Cubs batting - Pitching for San Diego Padres : RHP Gerrit Cole
Batting: RHB Justin Upton 0-0: Called Strike
0-1: Foul Ball, location: 2F
0-2: Ball
1-2: Ball
2-2: Foul Ball, location: 2F
2-2: SINGLE (Groundball, 56D)
Batting: RHB Willson Contreras 0-0: Ball
1-0: Foul Ball, location: 2F
1-1: Ball
2-1: Called Strike
2-2: Strikes out swinging
Batting: LHB Carlos Asuaje 0-0: Called Strike
0-1: Swinging Strike
0-2: DOUBLE (Groundball, 3L)
Justin Upton to third
Runner from 3rd tries for Home, SAFE, throw by RF to home
Batting: RHB Stephen Piscotty 0-0: Ball
1-0: Foul Ball, location: 2F
1-1: Fly out, F9 (Flyball, 9S)
Batting: SHB Ehire Adrianza 0-0: Intentional Walk
Batting: RHB Brent Honeywell 0-0: Swinging Strike
0-1: Fly out, F8 (Flyball, 8LS)
Bottom of the 4th over - 1 run, 2 hits, 0 errors, 2 left on base; San Diego 1 - Chicago 2
TOP OF THE 5TH
San Diego Padres batting - Pitching for Chicago Cubs : RHP Brent Honeywell
Batting: RHB Christian Arroyo 0-0: SINGLE (Line Drive, 6MD)
Batting: RHB Gerrit Cole 0-0: Ball
1-0: Bunted foul
1-1: Sac Bunt to 13S - play at first, batter OUT! 1-4
Christian Arroyo to second
Batting: RHB Jose Altuve 0-0: Fly out, F7 (Line Drive, 7)
Batting: SHB Carlos Santana 0-0: Ball
1-0: Swinging Strike
1-1: SINGLE (Groundball, 3D)
Christian Arroyo to third
Runner from 3rd tries for Home, SAFE, throw by RF to home
Batting: RHB Mitch Haniger 0-0: Ball
1-0: Ball
2-0: Called Strike
2-1: Swinging Strike
2-2: Ground out 4-3 (Groundball, 4S)
Top of the 5th over - 1 run, 2 hits, 0 errors, 1 left on base; San Diego 2 - Chicago 2
BOTTOM OF THE 5TH
Chicago Cubs batting - Pitching for San Diego Padres : RHP Gerrit Cole
Batting: RHB Michael A. Taylor 0-0: SOLO HOME RUN (Flyball, 7D), Distance : 385 ft
Batting: RHB Paul DeJong 0-0: Foul Ball, location: 2F
0-1: Ball
1-1: Foul Ball, location: 2F
1-2: Strikes out swinging
Batting: LHB Cody Bellinger 0-0: Foul Ball, location: 2F
0-1: Called Strike
0-2: Ball
1-2: Strikes out swinging
Batting: RHB Justin Upton 0-0: Called Strike
0-1: Ball
1-1: Foul Ball, location: 2F
1-2: Ball
2-2: Foul Ball, location: 2F
2-2: Foul Ball, location: 2F
2-2: Fly out, F7 (Flyball, 78M)
Bottom of the 5th over - 1 run, 1 hit, 0 errors, 0 left on base; San Diego 2 - Chicago 3
TOP OF THE 6TH
San Diego Padres batting - Pitching for Chicago Cubs : RHP Brent Honeywell
Batting: LHB Mike Moustakas 0-0: Called Strike
0-1: Swinging Strike
0-2: Ball
1-2: Foul Ball, location: 2F
1-2: Ball
2-2: Fly out, F8 (Flyball, 8LM)
Batting: LHB David Peralta 0-0: Foul Ball, location: 2F
0-1: Ground out 3-1 (Groundball, 34)
Batting: RHB Lorenzo Cain 0-0: SINGLE (Line Drive, 5D)
Batting: RHB Yadier Molina 0-0: Ball
1-0: Ball
2-0: Called Strike
2-1: Swinging Strike
2-2: Foul Ball, location: 2F
2-2: Ground out U3 (Groundball, 34S)
Top of the 6th over - 0 runs, 1 hit, 0 errors, 1 left on base; San Diego 2 - Chicago 3
BOTTOM OF THE 6TH
Chicago Cubs batting - Pitching for San Diego Padres : RHP Gerrit Cole
Batting: RHB Willson Contreras 0-0: Called Strike
0-1: Ball
1-1: Ball
2-1: SOLO HOME RUN (Flyball, 78XD), Distance : 419 ft
Batting: LHB Carlos Asuaje 0-0: Called Strike
0-1: Foul Ball, location: 2F
0-2: Ball
1-2: Ball
2-2: Strikes out swinging, 2-3 out at first.
Batting: RHB Stephen Piscotty 0-0: Ball
1-0: SINGLE (Line Drive, 9S)
Batting: SHB Ehire Adrianza 0-0: Ball
1-0: SINGLE (Groundball, 4MD)
Stephen Piscotty to second
Pinch Hitting: RHB Jose Bautista 0-0: Ball
1-0: Swinging Strike
1-1: Foul Ball, location: 2F
1-2: Strikes out swinging
Batting: RHB Michael A. Taylor 0-0: DOUBLE (Line Drive, 7LD)
Stephen Piscotty scores
Ehire Adrianza to third
Runner from 3rd tries for Home, SAFE, throw by LF to home
Pitching: RHP Hunter Strickland
Now at C: Curt Casali
Batting: RHB Paul DeJong 0-0: Called Strike
0-1: Ball
1-1: Ball
2-1: Fly out, F8 (Flyball, 8LD)
Bottom of the 6th over - 3 runs, 4 hits, 0 errors, 1 left on base; San Diego 2 - Chicago 6
TOP OF THE 7TH
San Diego Padres batting - Pitching for Chicago Cubs : RHP Brent Honeywell
Pitching: RHP David Phelps
Batting: RHB Christian Arroyo 0-0: Called Strike
0-1: Foul Ball, location: 2F
0-2: Foul Ball, location: 2F
0-2: Ball
1-2: Foul Ball, location: 2F
1-2: Ground out 3-1 (Groundball, 34)
Batting: RHB Curt Casali 0-0: Ground out 6-3 (Groundball, 6)
Batting: RHB Jose Altuve 0-0: Ball
1-0: Ball
2-0: Ball
3-0: Called Strike
3-1: Fly out, F9 (Flyball, 9LSF)
Top of the 7th over - 0 runs, 0 hits, 0 errors, 0 left on base; San Diego 2 - Chicago 6
BOTTOM OF THE 7TH
Chicago Cubs batting - Pitching for San Diego Padres : RHP Hunter Strickland
Batting: LHB Cody Bellinger 0-0: Ground out 1-3 (Groundball, 23)
Batting: RHB Justin Upton 0-0: Called Strike
0-1: Swinging Strike
0-2: Ball
1-2: Ball
2-2: Ball
3-2: Foul Ball, location: 2F
3-2: Strikes out swinging
Batting: RHB Willson Contreras 0-0: Ball
1-0: Fly out, F9 (Flyball, 89D)
Bottom of the 7th over - 0 runs, 0 hits, 0 errors, 0 left on base; San Diego 2 - Chicago 6
TOP OF THE 8TH
San Diego Padres batting - Pitching for Chicago Cubs : RHP David Phelps
Pitching: RHP Nick Burdi
Batting: SHB Carlos Santana 0-0: Ball
1-0: Ball
2-0: Foul Ball, location: 2F
2-1: Foul Ball, location: 2F
2-2: Ball
3-2: Ground out 6-3 (Groundball, 4M)
Batting: RHB Mitch Haniger 0-0: Ball
1-0: Ball
2-0: Ball
3-0: Base on Balls
Batting: LHB Mike Moustakas 0-0: Called Strike
0-1: Hit by Pitch
Mitch Haniger to second
Batting: LHB David Peralta 0-0: Ball
1-0: Called Strike
1-1: Fly out, F8 (Flyball, 8LS)
Batting: RHB Lorenzo Cain 0-0: Called Strike
0-1: Swinging Strike
0-2: Ball
1-2: Foul Ball, location: 2F
1-2: Foul Ball, location: 2F
1-2: Fly out, F9 (Flyball, 9D)
Top of the 8th over - 0 runs, 0 hits, 0 errors, 2 left on base; San Diego 2 - Chicago 6
BOTTOM OF THE 8TH
Chicago Cubs batting - Pitching for San Diego Padres : RHP Hunter Strickland
Pitching: RHP Josh Fields
Batting: LHB Carlos Asuaje 0-0: Swinging Strike
0-1: Called Strike
0-2: Strikes out swinging
Batting: RHB Stephen Piscotty 0-0: Ball
1-0: Foul Ball, location: 2F
1-1: Ball
2-1: SINGLE (Flyball, 8RS)
Batting: SHB Ehire Adrianza 0-0: Called Strike
0-1: Ball
1-1: Foul Ball, location: 2F
1-2: Foul Ball, location: 2F
1-2: Ball
2-2: Strikes out swinging
Pinch Hitting: SHB Yoan Moncada 0-0: Swinging Strike
0-1: Called Strike
0-2: Foul Ball, location: 2F
0-2: Strikes out swinging
Bottom of the 8th over - 0 runs, 1 hit, 0 errors, 1 left on base; San Diego 2 - Chicago 6
TOP OF THE 9TH
San Diego Padres batting - Pitching for Chicago Cubs : RHP Nick Burdi
Pitching: RHP Roberto Osuna
Pinch Hitting: RHB Jose Pirela 0-0: Called Strike
0-1: Ball
1-1: Called Strike
1-2: Foul Ball, location: 2F
1-2: Strikes out swinging
Batting: RHB Christian Arroyo 0-0: Ball
1-0: Foul Ball, location: 2F
1-1: Foul Ball, location: 2F
1-2: Foul Ball, location: 2F
1-2: Strikes out looking
Batting: RHB Curt Casali 0-0: Foul Ball, location: 2F
0-1: Called Strike
0-2: Ball
1-2: Foul Ball, location: 2F
1-2: Fly out, F8 (Flyball, 8LM)
Top of the 9th over - 0 runs, 0 hits, 0 errors, 0 left on base; San Diego 2 - Chicago 6
Sunday, October 7th, 2018 - OOTP Baseball 19.8 Build 79